 Dungeon Sprint DCSS version 0.28.0-53-g5a82cb258f (webtiles) character file.

Game seed: 10279316686405639626

35 Zeld the Conjurer (level 3, -3/28 HPs)
             Began as a Deep Elf Conjurer on June 5, 2022.
             Slain by an orc
             ... wielding a +0 hand axe
              (6 damage)
             ... in the Dungeon (Sprint IX: "|||||||||||||||||||||||||||||").
             The game lasted 00:00:25 (315 turns).

Zeld the Conjurer (Deep Elf Conjurer)                Turns: 315, Time: 00:00:26

Health: -3/28      AC:  2    Str:  6    XL:     3   Next: 16%
Magic:  8/12       EV: 12    Int: 22    God:
Gold:   0          SH:  0    Dex: 13    Spells: 13/14 levels left

rFire   . . .      SeeInvis .   h - +0 short sword
rCold   . . .      Faith    .   (no shield)
rNeg    . . .      Spirit   .   a - +0 robe
rPois   .          Reflect  .   (no helmet)
rElec   .          Harm     .   (no cloak)
rCorr   .          Rampage  .   (no gloves)
Will    .....      NoTele   +   (no boots)
Stlth   ..........              (no amulet)
HPRegen 0.09/turn               (no ring)
MPRegen 0.13/turn               (no ring)

@: berserking, very quick
A: no striking features
a: no special abilities


You were in the Dungeon.
You visited 1 branch

Inventory:

Hand Weapons
 h - a +0 short sword (weapon)
Armour
 a - a +0 robe (worn)
Scrolls
 g - a scroll of blinking
Potions
 b - a potion of curing
 c - a potion of heal wounds
 d - a potion of haste
 e - a potion of magic


   Skills:
 - Level 2.4 Dodging
 - Level 2.4 Stealth
 + Level 6.0 Spellcasting
 + Level 6.2 Conjurations
 - Level 2.0 Hexes
 - Level 2.0 Translocations


You had 13 spell levels left.
You knew the following spells:

 Your Spells              Type           Power      Damage    Failure   Level
a - Magic Dart            Conj           100%       1d8       1%          1

Your spell library contained the following spells:

 Spells                   Type           Power      Damage    Failure   Level
 Searing Ray              Conj           68%        2d6       1%          2
 Dazzling Flash           Conj/Hex       48%        N/A       4%          3
 Fulminant Prism          Conj/Hex       12%        3d9       17%         4
 Iskenderun's Mystic Bla  Conj/Tloc      24%        2d7       17%         4


Dungeon Overview and Level Annotations

Branches:
Dungeon (1/1)

Altars:


Message History

Confirm with . or Enter, or press ? or * to list all spells.
You can't see any susceptible monsters within range! (Use Z to cast anyway.)
Your magical contamination has completely faded away.
You start resting.
Magic restored.
Things that are here:
a +0 short sword; a rat corpse
h - a +0 short sword
h - a +0 short sword (weapon)
You start resting.
You start resting.
HP restored.
You start waiting.
Done waiting.
There is an open door to the Dungeon here.
You open the door.
A bat zombie, a necrophage, a ball python skeleton, an orc and a hound come into view.
The hound barks!
The orc shouts!
The hound bites you. The hound barely misses you.
There is an open door here.
A red film seems to cover your vision as you go berserk!
You feel yourself moving faster!
You feel mighty! The hound bites you.
You miss the hound. The hound bites you.
You puncture the hound!
The hound is severely wounded.
The hound bites you.
* * * LOW HITPOINT WARNING * * *
You puncture the hound!
You kill the hound!
Your Spellcasting skill gained 3 levels and is now at level 6!
Your Conjurations skill gained 2 levels and is now at level 6!
You have reached level 2!
You have reached level 3!
Your experience leads to an increase in your attributes!
Increase (S)trength, (I)ntelligence, or (D)exterity?
You feel stronger. x2
There are monsters nearby!
Unknown command.
The orc hits you with a +0 hand axe.
You die...

▓+▓
▓Z▓
▓Z▓
▓n▓
▓o▓
▓@▓
▓'▓
▓.▓
▓.▓
▓.▓
▓.▓
▓.▓
▓'▓
▓.▓


You could see a necrophage, an orc, a bat zombie and a ball python skeleton.

Vanquished Creatures
  A hound (D)
  3 hobgoblins (D)
  A kobold (D)
  A rat (D)
6 creatures vanquished.

Notes
Turn   | Place    | Note
-------+----------+-------------------------------------------
     0 | D        | Zeld the Deep Elf Conjurer began the quest for the Orb.
     0 | D        | Reached XP level 1. HP: 10/10 MP: 6/6
     9 | D        | Reached skill level 1 in Hexes
     9 | D        | Reached skill level 1 in Translocations
   309 | D        | Noticed a necrophage
   309 | D        | Noticed a hound
   314 | D        | Killed a hound
   315 | D        | Reached XP level 2. HP: 2/15 MP: 8/11
   315 | D        | Reached XP level 3. HP: 3/19 MP: 8/12
   315 | D        | Slain by an orc

Illustrated notes

Levels and vault maps discovered:
D:        linesprint [early_d, line_temple, items_1, d_10, items_2, lair_1,
          lair_end, items_3, orc_1, orc_end, items_4, d_15, swamp_1, shoals_1,
          snake_1, spider_1, d_20, vaults_1, items_5, swamp_end, shoals_end,
          snake_end, spider_end, vaults_end, d_27, items_6, zot_1, zot_end,
          crypt_end, forest_end, elf_end, slime_end, tomb_end, abyss_end,
          pan_hell_end]

Skill      XL: |  1 |
---------------+----+-----
Hexes          | 2 |  2.0
Translocations | 2 |  2.0
Spellcasting   | 6 |  6.0
Conjurations   | 6 |  6.2
Dodging        | |  2.4
Stealth        | |  2.4

Action                   || total
-------------------------++-------
Melee: Unarmed           ||     5
       Short sword       ||     3
 Cast: Magic Dart        ||    12
  Use: Potion            ||     2
Armor: Robe              ||     1
Dodge: Dodged            ||    10
